 Dungeon Crawl Stone Soup version 0.18-a0-1577-gf591c28 (webtiles) character file.

5596 Chip the Nimble (level 10, 60/78 (79) HPs)
             Began as a Mummy Chaos Knight on Mar 19, 2016.
             Quit the game on level 5 of the Dungeon.
             The game lasted 00:31:23 (36612 turns).

Chip the Nimble (Mummy Chaos Knight)               Turns: 36612, Time: 00:31:23

HP:   60/78 (79)    AC: 10    Str: 22    XL:     10   Next: 45%
MP:   11/11         EV: 18    Int: 11    God:    Xom [..*...]
Gold: 2353          SH:  0    Dex: 12    Spells: 0 memorised, 9 levels left

rFire  x . .     SeeInvis +     E - -3 falchion (curse)
rCold  + . .     Gourm    .     H - +1 leather armour of the Other Side {SInv}
rNeg   + + +     Faith    .     (no shield)
rPois  ∞         Spirit   .     B - +2 helmet
rElec  .         Dismiss  .     n - +0 cloak
rCorr  .         Reflect  .     (no gloves)
SustAt .         Harm     .     o - +0 pair of boots
MR     +....                    p - amulet of magic regeneration
Stlth  ++........               s - +3 ring of strength
                                f - +3 ring of evasion

@: somewhat resistant to hostile enchantments, unstealthy
A: no food or potions, fire vulnerability, cold resistance 1, negative energy
resistance 3, torment resistance, unbreathing
a: Renounce Religion


You were on level 5 of the Dungeon.
You worshipped Xom.
You were a toy of Xom.
You were not hungry.

You visited 1 branch of the dungeon, and saw 9 of its levels.

You collected 4131 gold pieces.
You spent 1375 gold pieces at shops.

Inventory:

Hand Weapons
 a - a +0 falchion of chaos
 E - a cursed -3 falchion (weapon)
 F - a +0 great sword
 L - a +3 battleaxe
Missiles
 c - 32 arrows of frost
 i - 5 throwing nets (quivered)
Armour
 b - a +2 leather armour
 n - a +0 cloak (worn)
 o - a +0 pair of boots (worn)
 w - a +1 hat
 B - a +2 helmet (worn)
 H - the +1 leather armour of the Other Side (worn) {SInv}
   (You found it on level 6 of the Dungeon)

   It lets you see invisible.
Rods
 v - a +0 lightning rod (10/10)
   (You bought it in a shop on level 4 of the Dungeon)
Jewellery
 f - a +3 ring of evasion (left hand)
 p - an amulet of magic regeneration (around neck)
 s - a +3 ring of strength (right hand)
 z - an uncursed amulet of harm
Wands
 m - a wand of acid (0/15)
 t - a wand of slowing (25/48)
 u - a wand of lightning (0/15)
 x - a wand of hasting (2/9)
 D - a wand of slowing (31/48)
 G - a wand of disintegration (11/24)
 I - a wand of flame (33/48)
 J - a wand of lightning (0/15)
 K - a wand of flame (8/48)
Scrolls
 d - 5 scrolls of fog
 e - 5 scrolls of identify
 g - 2 scrolls of immolation
 h - a scroll of enchant weapon {unknown}
 j - a scroll of recharging
 l - 2 scrolls of amnesia {unknown}
 r - 2 scrolls of magic mapping {unknown}
 y - 3 scrolls of blinking {unknown}
 A - a scroll of random uselessness {unknown}
 C - 3 scrolls of teleportation
Miscellaneous
 q - a stone of tremors (inert)


   Skills:
 + Level 7.1 Fighting
 + Level 6.1 Long Blades
 + Level 5.3 Armour
 + Level 8.3 Dodging
 - Level 3.5 Stealth
 + Level 1.9 Evocations


You had 9 spell levels left.
You didn't know any spells.

Dungeon Overview and Level Annotations

Branches:
Dungeon (9/15)             Temple (0/1) D:5
   Lair: D:8-11         Orc: D:9-12

Altars:
Elyvilon
Gozag
Kikubaaqudgha
Okawaru
Pakellas
Qazlal
Vehumet
Xom
The Shining One

Shops:
D:4 }

Annotations:
Abyss:1 Edmund


Innate Abilities, Weirdness & Mutations

You do not eat or drink.
Your flesh is vulnerable to fire.
You are immune to poison.
Your flesh is cold resistant.
You are immune to negative energy.
You are immune to unholy pain and torment.
You can survive without breathing.


Message History

a dire flail; a robe; a giant spiked club
Okay, then.
Things that are here:
a robe; an enchanted battleaxe; a robe
L - an enchanted battleaxe Wear which item? (? for menu, Esc to quit)
Okay, then.
Wield which item (- for none, * to show all)? (? for menu, Esc to quit)
It sticks to your hand!
L - a cursed +3 battleaxe (weapon)
You can't unwield your weapon to draw a new one!
Read which item? (? for menu, Esc to quit)
As you read the scroll of remove curse, it crumbles to dust.
You feel as if something is helping you.
Wield which item (- for none, * to show all)? (? for menu, Esc to quit)
It sticks to your hand!
E - a cursed -3 falchion (weapon)
Drop what? 37/52 slots (_ for help) (? for menu, Esc to quit)
Okay, then.
Are you sure you want to abandon this character and quit the game? (Confirm with "yes".)

.........##........#.# #..#
....###.......####...## #.##
....####.....## ##...## ##.#
.#...# #....## #....###..#
###..###....## #..#....z.## #
#...#..#...# ##......##..####
####.........#####........##...#.
..............###...........#....
###...#.......).@)####.........##
# ##..#........##)>###.........##
#...#......####...(.........##
##........#####..............#
#####..[##...# ###...#..#####...#
........####.####...###.######...
.##.....## ##.###..####.#####.##[
####.#...## ##..#..#####.###.####
# ####.#.# ##....#####.##.#####


There were no monsters in sight!

Vanquished Creatures
  A hill giant (D:5)
  An ugly thing (D:9)
  An octopode (D:5)
  Grinder (D:4)
  The ghost of Chip the Skirmisher, an amateur NaFi (D:3)
  A wyvern (D:9)
  A hungry ghost (D:8)
  Purgy (D:4)
  2 sky beasts
  2 ogres
  2 centaurs
  2 giant frogs
  A gnoll sergeant (D:6)
  2 scorpions
  9 killer bees
  A howler monkey (D:8)
  9 wights
  A crimson imp (D:1)
  2 jellies (D:8)
  A quasit (D:8)
  A hound (D:8)
  2 orc wizards
  4 orc priests
  A giant frog skeleton (D:8)
  An iguana (D:4)
  6 worker ants
  2 hound zombies
  A worker ant zombie (D:7)
  Robin (D:4)
  7 gnolls
  7 adders
  2 adder skeletons
  4 adder zombies
  3 worms
  5 dart slugs
  4 giant geckos
  18 orcs
  2 ball pythons
  7 giant cockroaches
  16 goblins
  A goblin (shapeshifter) (D:3)
  10 hobgoblins
  13 jackals
  7 quokkas
  12 bats
  A giant gecko zombie (D:5)
  4 giant newts
  17 kobolds
  A quokka zombie (D:5)
  15 rats
217 creatures vanquished.

Vanquished Creatures (collateral kills)
  A troll (D:7)
  Eustachio (D:6)
  A human (shapeshifter) (D:4)
  A steam dragon (D:8)
  2 orc warriors (D:6)
  2 slaves (D:5)
  An ice beast (D:7)
  An ogre (D:6)
  3 phantoms
  2 centaurs
  A giant frog (D:8)
  2 killer bees (D:9)
  2 howler monkeys (D:6)
  6 crimson imps
  2 orc priests
  A giant frog skeleton (D:6)
  A giant frog zombie (D:8)
  A hound (D:6)
  A jelly (D:9)
  3 orc wizards
  An iguana (D:7)
  A worker ant (D:6)
  A worker ant zombie (D:6)
  9 gnolls
  An adder (D:3)
  A shadow imp (D:7)
  A giant gecko (D:8)
  5 orcs
  A goblin (D:8)
  A quokka (D:7)
  A bush (D:7)
58 creatures vanquished.

Vanquished Creatures (others)
  A human (shapeshifter) (D:9)
  A centaur (D:5)
  2 slaves (D:5)
  2 crimson imps
  A worker ant (D:5)
  A hound zombie (D:5)
  An adder (D:2)
  2 quokkas
  A rat (D:2)
12 creatures vanquished.

Grand Total: 287 creatures vanquished

Notes
Turn   | Place    | Note
--------------------------------------------------------------
     0 | D:1      | Chip the Mummy Chaos Knight began the quest for the Orb.
     0 | D:1      | Reached XP level 1. HP: 18/18 MP: 1/1
   205 | D:1      | Reached XP level 2. HP: 22/24 MP: 2/2
   438 | D:1      | Reached skill level 1 in Dodging
   621 | D:1      | Reached XP level 3. HP: 29/29 MP: 3/3
   826 | D:2      | XOM: divination: detect items
   846 | D:2      | Found an oddly glowing altar of Pakellas.
  1101 | D:2      | XOM: silly message
  1150 | D:2      | Reached XP level 4. HP: 29/37 MP: 4/4
  1264 | D:2      | Found a stormy altar of Qazlal.
  1323 | D:2      | XOM: medium Air miscast
  1364 | D:2      | You fall through a shaft for 2 floors!
  1365 | D:4      | Found Hacsymerch's Gadget Emporium.
  1467 | D:4      | Found a white marble altar of Elyvilon.
  1476 | D:4      | XOM: harmless Ice miscast
  1753 | D:3      | Noticed Chip's ghost (amateur NaFi)
  1802 | D:2      | XOM: noise
  1912 | D:2      | XOM: harmless Erth miscast
  1980 | D:2      | XOM: colour smoke trail
  2123 | D:2      | XOM: medium Summ miscast
  2124 | D:2      | Noticed a spatial vortex
  2323 | D:3      | XOM: 2-stop teleportation journey
  2415 | D:3      | Reached skill level 2 in Dodging
  2415 | D:3      | Reached XP level 5. HP: 30/42 MP: 5/5
  2483 | D:3      | XOM: mild Summ miscast
  4608 | D:1      | XOM: silly message
  4709 | D:1      | XOM: medium Divn miscast
  5216 | D:1      | XOM: medium Erth miscast
  5270 | D:1      | XOM is BORED!
  5270 | D:1      | XOM: summons 2 hostile demons
  6126 | D:1      | XOM: medium Chrm miscast
  6290 | D:1      | XOM: mild Summ miscast
  6323 | D:1      | XOM: scenery: 1 doors close
  6764 | D:1      | XOM: noise
  6964 | D:1      | XOM: harmless Ice miscast
  7029 | D:1      | XOM: colour smoke trail
  7461 | D:1      | XOM: harmless Air miscast
  7765 | D:1      | XOM: mild Summ miscast
  7798 | D:1      | Noticed a yaktaur captain
  7853 | D:1      | XOM: god gift: robe {god gift}
  7934 | D:1      | XOM: god gift: 38 gold pieces
  8053 | D:1      | XOM is BORED!
  8053 | D:1      | XOM: noise
  8183 | D:1      | XOM: noise
  8379 | D:1      | XOM: god gift: 13 arrows of frost
  8566 | D:1      | XOM: vitrification
  9387 | D:1      | XOM: god gift: fizzy dark potion
  9414 | D:1      | XOM: god gift: glowing ring mail {god gift}
  9503 | D:1      | XOM: god gift: stone of tremors
  9671 | D:1      | XOM: mild Tloc miscast
 10557 | D:1      | XOM: harmless Chrm miscast
 10729 | D:1      | XOM is BORED!
 10729 | D:1      | XOM: medium Summ miscast
 10730 | D:1      | Noticed a hellwing
 11129 | D:3      | XOM: 8-stop teleportation journey
 11212 | D:3      | Reached skill level 1 in Stealth
 11215 | D:3      | XOM: polymorph orc -> river rat
 11642 | D:3      | Found a glowing golden altar of the Shining One.
 12469 | D:1      | XOM: god gift: 2 scrolls of fog
 12666 | D:1      | XOM: god gift: runed spear {god gift}
 13106 | D:1      | Noticed a brown very ugly thing
 13263 | D:2      | XOM: scenery: create altars
 13448 | D:2      | XOM: summons 3 hostile shadow creatures
 14062 | D:2      | XOM: god gift: 3450 gold pieces
 14279 | D:3      | XOM: enchant monster (good)
 14284 | D:3      | Reached XP level 6. HP: 42/48 MP: 6/6
 14328 | D:3      | XOM: vitrification
 14636 | D:4      | XOM: colour smoke trail
 14756 | D:4      | Found an ancient bone altar of Kikubaaqudgha.
 14772 | D:4      | Noticed Robin
 14800 | D:4      | XOM: cast spell 'Summon Butterflies'
 14807 | D:4      | Killed Robin
 15301 | D:4      | Noticed Purgy
 15316 | D:4      | Killed Purgy
 15316 | D:4      | Reached skill level 3 in Dodging
 15681 | D:4      | Noticed Grinder
 15684 | D:4      | XOM: enchant monster (good)
 15688 | D:4      | Paralysed by something for 5 turns
 15713 | D:4      | Killed Grinder
 15713 | D:4      | Reached XP level 7. HP: 47/55 MP: 7/7
 15920 | D:4      | Bought a +0 lightning rod (10/10) for 825 gold pieces
 15920 | D:4      | Bought a plain deck of wonders for 154 gold pieces
 15920 | D:4      | Bought a wand of hasting (2/9) for 396 gold pieces
 15988 | D:4      | XOM: summons 3 hostile demons
 16097 | D:4      | XOM: medium Conj miscast
 16203 | D:4      | XOM: god gift: tubular sapphire ring {god gift}
 16390 | D:3      | Killed Chip's ghost
 16390 | D:3      | Reached skill level 4 in Dodging
 16482 | D:3      | XOM: divination: detect creatures
 16830 | D:4      | XOM: vitrification
 17604 | D:2      | XOM: vitrification
 17858 | D:2      | XOM: god gift: chain mail {god gift}
 18090 | D:2      | XOM: summons 3 hostile demons
 18656 | D:3      | XOM: god gift: 50 gold pieces
 18918 | D:3      | XOM: medium Tloc miscast
 19171 | D:3      | XOM: harmless Tloc miscast
 19404 | D:3      | XOM: silly message
 19632 | D:3      | XOM: noise
 19948 | D:3      | XOM: noise
 20158 | D:3      | XOM: colour smoke trail
 20270 | D:3      | XOM: mild Summ miscast
 20353 | D:3      | XOM: god gift: shiny centaur barding {god gift}
 21034 | D:3      | XOM: colour smoke trail
 21504 | D:3      | XOM is BORED!
 21504 | D:3      | XOM: stat loss: -1 Int (10/11)
 21709 | D:3      | XOM: 1-stop teleportation journey
 21821 | D:3      | Noticed a komodo dragon
 21824 | D:3      | XOM: confuse monster(s)
 21842 | D:4      | Noticed a redback
 21842 | D:4      | a komodo dragon changed into a redback
 21866 | D:5      | Entered Level 5 of the Dungeon
 21935 | D:5      | Found a staircase to the Ecumenical Temple.
 21995 | D:5      | XOM: vitrification
 22048 | D:5      | XOM: potion effect (invisibility)
 22050 | D:5      | XOM: 2-stop teleportation journey
 22166 | D:5      | Noticed Edmund
 22170 | D:5      | XOM: enchant monster (good)
 22174 | D:5      | XOM: swap monsters
 22195 | D:5      | Banished Edmund
 22595 | D:5      | XOM: harmless Conj miscast
 22787 | D:5      | Reached XP level 8. HP: 61/61 MP: 8/8
 22892 | D:5      | XOM: noise
 22904 | D:5      | XOM: summons 4 friendly demons
 23128 | D:5      | Noticed Pikel
 23144 | D:5      | Noticed Pikel
 23144 | D:5      | Pikel changed into Pikel the octopode
 23144 | D:5      | XOM: polymorph Pikel -> Pikel the octopode
 23147 | D:5      | XOM: harmless Tloc miscast
 23152 | D:5      | Killed Pikel the octopode
 23152 | D:5      | Reached skill level 5 in Fighting
 23152 | D:5      | Reached skill level 5 in Dodging
 24074 | D:4      | XOM is BORED!
 24074 | D:4      | XOM: noise
 24953 | D:4      | XOM: medium Chrm miscast
 24993 | D:4      | XOM: harmless Necr miscast
 25329 | D:4      | Noticed a catoblepas
 25356 | D:6      | XOM: cast spell 'Death Channel'
 25446 | D:6      | XOM: noise
 25452 | D:6      | XOM: medium Conj miscast
 25470 | D:6      | XOM: 1-stop teleportation journey
 25471 | D:6      | Noticed Eustachio
 25472 | D:6      | XOM: harmless Summ miscast
 25476 | D:6      | XOM: polymorph orc -> kobold
 25477 | D:6      | Hired Ywiups Paecw the merfolk for 311 gold.
 25492 | D:6      | Killed Eustachio
 25555 | D:6      | Reached skill level 1 in Evocations
 25611 | D:6      | Reached XP level 9. HP: 35/69 MP: 9/9
 25622 | D:6      | Got a warped leather armour
 25633 | D:6      | Identified the +1 leather armour of the Other Side {SInv} (You found it on level 6 of the Dungeon)
 25706 | D:6      | XOM: silly message
 26282 | D:7      | XOM: harmless Tloc miscast
 26386 | D:7      | Reached skill level 6 in Dodging
 26468 | D:7      | XOM: harmless Divn miscast
 26712 | D:7      | Found an opulent altar of Gozag.
 26758 | D:7      | Noticed a troll
 26766 | D:7      | Killed a troll
 27359 | D:7      | Reached skill level 5 in Long Blades
 27755 | D:8      | XOM: polymorph Ywiups Paecw the merfolk -> Ywiups Paecw the great orb of eyes
 27851 | D:8      | XOM: divination: magic mapping
 28019 | D:8      | XOM: 3-stop teleportation journey
 28193 | D:8      | XOM: polymorph Ywiups Paecw the octopode -> Ywiups Paecw the anubis guard
 28260 | D:8      | XOM: 3-stop teleportation journey
 28270 | D:8      | XOM: polymorph centaur -> howler monkey
 28273 | D:8      | Reached skill level 7 in Dodging
 28429 | D:8      | XOM: polymorph Ywiups Paecw the yak -> Ywiups Paecw the jumping spider
 28556 | D:8      | Found an iron altar of Okawaru.
 28683 | D:9      | Found a radiant altar of Vehumet.
 28691 | D:9      | Noticed a red ugly thing
 28696 | D:9      | XOM: swap monsters
 28702 | D:9      | XOM: 3-stop teleportation journey
 28723 | D:9      | Killed a red ugly thing
 28723 | D:9      | Reached XP level 10. HP: 49/76 MP: 9/11
 28732 | D:9      | XOM: cast spell 'Cause Fear'
 28760 | D:9      | Your ally Ywiups Paecw died
 28770 | D:9      | XOM: summons friendly shadow imp
 28798 | D:8      | HP: 2/76 [killer bee (7)]
 28953 | D:8      | Reached skill level 8 in Dodging
 30410 | D:4      | XOM: harmless Divn miscast
 31063 | D:4      | Reached skill level 5 in Armour
 31275 | D:4      | Noticed an unseen horror
 31275 | D:4      | a troll changed into an unseen horror
 31275 | D:4      | XOM: polymorph troll -> unseen horror
 31276 | D:4      | XOM: summons 10 friendly demons
 31276 | D:4      | an unseen horror changed into a blink frog
 31462 | D:4      | XOM: god gift: 12 arrows of flame
 31502 | D:4      | XOM: vitrification
 31513 | D:4      | XOM: harmless Air miscast
 31919 | D:4      | XOM: god gift: puce potion
 32023 | D:4      | XOM: divination: detect creatures
 32890 | D:4      | XOM: mild Air miscast
 32988 | D:4      | Noticed a yaktaur captain
 32988 | D:4      | XOM: cast spell 'Call Canine Familiar'
 32989 | D:4      | XOM: blink monster(s)
 32992 | D:4      | XOM: blink monster(s)
 33122 | D:5      | XOM: harmless Ice miscast
 33415 | D:5      | XOM is BORED!
 33415 | D:5      | XOM: medium Ice miscast
 33430 | D:5      | XOM: medium Necr miscast
 34294 | D:5      | XOM: noise
 34961 | D:5      | XOM: silly message
 35382 | D:5      | XOM: mild Ice miscast
 35390 | D:5      | XOM: silly message
 36118 | D:5      | XOM: mild Necr miscast
 36328 | D:5      | Noticed a hill giant
 36337 | D:5      | Killed a hill giant
 36344 | D:5      | XOM: harmless Erth miscast
 36612 | D:5      | Quit the game

Vault maps used:
D:1:      sevenhm_arrival_forest_fort_small_4
D:2:      nicolae_qazlal_eye_of_the_storm, overflow_temple_1_default,
          serial_forest, infiniplex_forest_straight_4,
          infiniplex_forest_clump_double, infiniplex_forest_straight_2,
          infiniplex_forest_end_1, infiniplex_forest_lined_corner,
          kennysheep_generic_room_11
D:3:      tso_metal_star
D:4:      kennysheep_little_box, elyvilon_altar_5, serial_shops,
          nicolae_shop_crystal, first_bread, uniq_robin, uniq_grinder,
          uniq_purgy
D:5:      temple_fountains, grunt_ministairs_10, uniq_edmund, uniq_pikel
D:6:      uniq_eustachio
D:7:      basic_altar, kb_lookout_dungeons_type
D:8:      okawaru_altar_gauntlet_db
D:9:      kennysheep_steamy, tgw_fedhas, fiery_altar_vehumet,
          david_lair_generic, david_nohive_1, minmay_variable_closet,
          grunt_ministairs_9, hangedman_incinerator

Skill      XL: |  1  2  3  4  5  6  7  8  9 10 |
---------------+-------------------------------+-----
Dodging        | 1 2 3 4 5 7 8 |  8.3
Armour         | 2 3 4 5 |  5.3
Long Blades    | 3 4 5 6 |  6.1
Fighting       | 4 5 6 7 |  7.1
Stealth        | 1 2 3 |  3.5
Evocations     | 1 |  1.9

Action                   |  1- 3 |  4- 6 |  7- 9 | 10-12 || total
-------------------------+-------+-------+-------+-------++-------
Melee: Falchion          |   120 |   403 |   424 |       ||   947
       Great sword       |       |       |    75 |    97 ||   172
Evoke: Wand              |       |     3 |     5 |    11 ||    19
       Stone of tremors  |       |     1 |     1 |       ||     2
       Rod               |       |       |     3 |       ||     3
       Deck              |       |       |     8 |       ||     8
  Use: Scroll            |       |     6 |     2 |     4 ||    12
 Stab: Petrified         |       |     2 |       |       ||     2
       Distracted        |       |     1 |     2 |       ||     3
       Paralysed         |       |     2 |       |       ||     2
       Sleeping          |       |     1 |     4 |       ||     5
       Confused          |       |       |     2 |       ||     2
       Fleeing           |       |       |       |     1 ||     1
